cohdb
Replays
Latest Replays
All Replays
Popular Replays
Top Player Replays
Match Explorer
How It Works
Community
CoH3 Stats
Reddit
Sign in to upload your games and track your stats! →
Sign in with Steam
Match 42782437
Unlisted
Match 42782437
Overview
Messages
Build Orders
End
Construct Barracks
Riflemen Squad
Engineer Squad
Riflemen Squad
Infantry Support Center
.30 cal Machine Gun
Construct Medical Station
Construct Weapon Support Center
M1919 Machine Gun Team
Bazooka Squad
Selects Armored Battlegroup
Selects Fast Deploy
Selects Veteran Crews
M3 Armored Personnel Carrier
Selects M8 Scott SPG
M8 Scott SPG
M8 Scott SPG
HulkSMASH
⚓️Ruby⚓
*Mule
FeriG
0
0
Comments
sign in to comment!
No comments posted yet!